 Dungeon Crawl Stone Soup version 0.14-a0-1844-g8283a67 (webtiles) character file.

77482 4tharraofdagon the Carver (level 15, 21/130 HPs)
             Began as a Djinni Fighter on Jan 11, 2014.
             Was a High Priest of the Shining One.
             Quit the game on Level 3 of the Elven Halls.
             The game lasted 02:06:48 (17178 turns).

4tharraofdagon the Carver (Djinni Fighter)         Turns: 17178, Time: 02:06:49

HP  21/130 (105) AC 27     Str 22      XL: 15   Next: 14%
MP   0/0         EV  5     Int  9      God: the Shining One [*****.]
Gold 453         SH 29     Dex 11      Spells:  2 memorised, 21 levels left

rFire  + + +     SeeInvis .     y - +2 orc long sword
rCold  x . .     Clarity  .     l - +3 plate armour {rN+}
rNeg   + + +     Conserve .     W - +6 shield of the gong {rElec rN+ MR+}
rPois  .         rCorr    .     C - +0 helmet
rElec  +         rRot     .     J - +0 cloak
SustAb . .       Spirit   .     p - +2 pair of gloves
rMut   .         Warding  .     (boots unavailable)
Saprov . . .     Stasis   .     h - amulet of faith
                                q - ring of protection from magic
                                s - ring of the Ancients {AC+3 Dex-2 Dam+6}

@: flying, extremely poisoned, glowing, extremely resistant to hostile
enchantments, extremely unstealthy
A: fire immunity, cold vulnerability, life protection 3
a: Divine Shield, Cleansing Flame, Summon Divine Warrior, Renounce Religion


You were on level 3 of the Elven Halls.
You worshipped the Shining One.
The Shining One was extremely pleased with you.
You were not hungry.

You visited 5 branches of the dungeon, and saw 30 of its levels.
You also visited: Labyrinth and Ossuary.

You collected 2344 gold pieces.
You spent 1891 gold pieces at shops.

Inventory:

Hand weapons
 a - the +6,+3 falchion of Fee Simple {pain, +Blink +Rage rF+ rC- MR++ Str+2 Int-4}
   (You bought it in a shop on level 4 of the Orcish Mines)

   In the hands of one skilled in necromantic magic, it inflicts extra damage on
   living creatures.
   It affects your strength (+2).
   It affects your intelligence (-4).
   It protects you from fire.
   It makes you vulnerable to cold.
   It affects your resistance to hostile enchantments.
   It lets you blink.
   It lets you go berserk.
   The Shining One opposes the use of such an evil item.
 y - a +2,+2 orcish long sword (weapon)
Armour
 l - a +3 plate armour of positive energy (worn)
 p - a +2 pair of gloves (worn)
 C - a +0 helmet (worn)
 J - a +0 cloak (worn)
 W - the +6 shield of the gong (worn) {rElec rN+ MR+}
   (You found it on level 7 of the Lair of Beasts)

   It insulates you from electricity.
   It protects you from negative energy.
   It affects your resistance to hostile enchantments.
Magical devices
 b - a wand of teleportation (4)
 g - a wand of teleportation (6)
 x - a wand of slowing (7)
 A - a wand of flame (8)
 O - a wand of disintegration (14)
 U - a wand of digging (12)
Scrolls
 c - a scroll of enchant armour
 d - 3 scrolls of enchant weapon II
 f - 5 scrolls of remove curse
 n - 2 scrolls of identify
 w - a scroll of holy word
 I - a scroll of amnesia
 K - a scroll of fear
 P - 2 scrolls of enchant weapon I
 Y - a scroll of vulnerability
Jewellery
 h - an amulet of faith (around neck)
 i - an uncursed ring of wizardry
 o - a +3 ring of protection
 q - a ring of protection from magic (right hand)
 s - the ring of the Ancients (left hand) {AC+3 Dex-2 Dam+6}
   (You bought it in a shop on level 11 of the Dungeon)

   [ring of protection]

   It affects your AC (+3).
   It affects your dexterity (-2).
   It affects your damage-dealing abilities (+6).
 M - an uncursed ring of protection from cold
 R - a +4 ring of strength
Potions
 j - 4 potions of brilliance
 m - a potion of magic
 t - a potion of restore abilities
 u - a potion of confusion
 v - a potion of lignification
 B - a potion of poison
 E - a potion of invisibility
 F - a potion of cure mutation
 L - 2 potions of degeneration
Books
 r - a book of the Sky

   Spells                             Type                      Level
   Flight                             Charms/Air                   3
   Airstrike                          Air                          4
   Silence                            Hexes/Air                    5
   Deflect Missiles                   Charms/Air                   6
   Conjure Ball Lightning             Conjuration/Air              6
   Tornado                            Air                          9
 D - a book of Party Tricks

   Spells                             Type                      Level
   Summon Butterflies                 Summoning                    1
   *Apportation                       Translocation                1
   *Blink                             Translocation                2
   Alistair's Intoxication            Transmutation/Poison         4
   Tukima's Dance                     Hexes                        5
 X - Yzoh's Almanac of the Unholy Frostbite
   (You found it in a labyrinth)

   Spells                             Type                      Level
   Pain                               Necromancy                   1
   Freezing Aura                      Charms/Ice                   2
   Vampiric Draining                  Necromancy                   3
   Condensation Shield                Ice                          4
   Ice Form                           Ice/Transmutation            4
   Freezing Cloud                     Conjuration/Ice/Air          6
Miscellaneous
 N - a plain deck of defence {the Tomb}
 Q - a lamp of fire
 Z - a sack of spiders
Rods
 k - a +5 rod of demonology (11/11)
   (You took it off a minotaur in a labyrinth)
 z - a +3 rod of inaccuracy (12/12)
   (You found it in a labyrinth)


   Skills:
 + Level 10.4 Fighting
 * Level 14.6 Long Blades
 + Level 11.7 Armour
 + Level 7.6 Dodging
 * Level 8.3 Shields
 - Level 5.0 Spellcasting
 + Level 5.0 Translocations
 + Level 6.4 Invocations
 - Level 11.0 Evocations


You had 21 spell levels left.
You knew the following spells:

 Your Spells              Type           Power        Failure   Level  Hunger
a - Apportation           Tloc           ##........   99%         1    #......
b - Blink                 Tloc           N/A          100%        2    ##.....


Dungeon Overview and Level Annotations

Branches:
Dungeon (14/16)            Temple (1/1) D:4             Orc (4/4) D:11
    Elf (3/3) Orc:4          Lair (8/8) D:9          Shoals (0/5) Lair:5
 Spider (0/5) Lair:5        Slime (0/6) Lair:6
 Vaults: D:14-15

Altars:
Cheibriados
Elyvilon
Fedhas
Kikubaaqudgha
Okawaru
Sif Muna
Trog
Vehumet
Xom
Yredelemnul
Zin
the Shining One
Beogh

Shops:
D:7 (   D:8 (   D:11 =   D:12 (   Orc:4 ?*([

Annotations:
D:8 Prince Ribbit
D:11 MORIA
D:14 Louise, Nessos
Orc:4 Saint Roka
Lair:8 exclusion: 2 oklob plants


Innate Abilities, Weirdness & Mutations

You are immune to all types of fire, even holy and hellish.
You are vulnerable to cold.
You need no food.
You have no legs.
You are immune to negative energy.


Message History

You kill the deep elf annihilator!
* * * LOW HITPOINT WARNING * * *
You feel very sick.
A deep elf blademaster comes into view. It is wielding two elven cutlasses.
Unknown command.
Read which item? (? for menu, Esc to quit)
Okay, then.
Drink which item? (? for menu, Esc to quit)
Okay, then.
Unknown command.
Use which ability? (? or * to list)
Okay, then.
Unknown command.
Evoke which item? (* to show all) (? for menu, Esc to quit)
Okay, then.
Drink which item? (? for menu, Esc to quit)
Okay, then.
Unknown command.
Unknown command.
Are you sure you want to abandon this character and quit the game? (Confirm with "yes".)

*,,,,,, ,** *,,,,,,,,,**
+,,,,,,,,,,** *,,,,,,,,,,,*##
*,, ,,,,,,,,,#.# ,,,,,,,⌠,
,,,*#.# ,,,,,,,,,,,,,,*#.## **
,, ,,,,,,,, ##e##### ** ,,,,,
,,,,,#@#.f..###########
**,,,,,,,,,,####e.......?.....
*,,,,,,,,,,*#e.e)............
**,, ,....e.e.###..%#########
*,,,,,.e#####* #.e.#
**,,,,,,,* #...# *,,,,,,,*
##.## **, ,,,,,* *...* ###
***,,,,,,,,* #...# #..


You could see a deep elf blademaster.

Vanquished Creatures
  A deep elf sorcerer (Elf:3)
  3 deep elf annihilators (Elf:3)
  A minotaur (Lab)
  A deep elf high priest (Elf:3)
  A deep elf death mage (Elf:3)
  2 fire dragons (Lair:8)
  17 death yaks
  A centaur warrior (D:13)
  Nergalle (Orc:3)
  A deep elf knight (Elf:3)
  A lindwurm (Lair:8)
  A deep elf conjurer (Elf:2)
  Joseph (D:9)
  2 hill giants
  A wolf spider (Lair:5)
  2 orc knights (Orc:4)
  A griffon (Lair:5)
  An orc sorcerer (Orc:3)
  3 spiny worms (Lair:8)
  2 queen ants
  Maurice (D:8)
  17 elephants
  An octopode (D:13)
  2 feature mimics
  3 orange demons (D:13)
  5 spiny frogs
  7 fire drakes
  7 trolls
  2 deep elf priests (Elf:3)
  7 komodo dragons
  2 giant fireflies (Lair:8)
  A two-headed ogre (Orc:2)
  A polar bear (Lair:7)
  A boulder beetle (Lair:5)
  5 slime creatures (D:12)
  9 blink frogs
  A grizzly bear (Lair:8)
  6 basilisks
  A griffon skeleton (D:10)
  A water elemental (D:13)
  4 deep elf magi (Elf:3)
  4 elephant slugs (Lair:8)
  28 yaks
  2 deep elf fighters
  Grum (Orc:4)
  3 hungry ghosts
  3 steam dragons (Lair:8)
  3 vampire mosquitoes (D:13)
  9 hippogriffs
  2 mottled dragons
  16 wolves
  3 sharks
  3 manticores (D:13)
  A necrophage (D:10)
  2 phantoms
  29 orc warriors
  10 porcupines
  18 soldier ants
  A swamp drake (Lair:8)
  5 black bears (D:13)
  A yellow wasp (D:11)
  4 giant goldfish
  A boring beetle (Lair:7)
  4 sky beasts
  2 ice beasts
  8 centaurs
  10 ogres
  22 crocodiles
  Sigmund (D:3)
  3 wargs
  13 giant frogs
  A big kobold (D:12)
  4 giant slugs
  3 brain worms (Lair:8)
  An elf zombie (Ossuary)
  13 water moccasins
  6 agate snails
  9 killer bees
  A yak zombie (D:7)
  7 jellyfish
  9 wights
  8 electric eels
  5 big fish
  7 crimson imps
  8 hounds
  2 quasits
  2 centaur zombies (Ossuary)
  5 goliath beetles
  A human zombie (Ossuary)
  13 jellies
  A centaur skeleton (D:6)
  29 orc priests
  A scorpion (D:5)
  A two-headed ogre skeleton (D:13)
  15 iguanas
  22 orc wizards
  5 sheep (Lair:4)
  2 big kobold zombies (Ossuary)
  59 worker ants
  An ogre skeleton (D:4)
  5 mummies
  47 green rats
  5 giant mites
  17 adders
  3 giant centipedes
  2 steam dragon skeletons
  18 worms
  An ufetubus (Lab)
  A giant eyeball (D:10)
  9 giant geckos
  4 oozes
  172 orcs
  2 ball pythons
  18 goblins
  10 hobgoblins
  22 jackals
  4 training dummies (D:8)
  24 bats
  7 giant cockroaches
  12 giant newts
  A goblin zombie (Ossuary)
  9 hobgoblin zombies (Ossuary)
  A jackal zombie (Ossuary)
  10 kobolds
  9 kobold zombies (Ossuary)
  9 orc zombies (Ossuary)
  5 quokkas
  9 rats
  A rat skeleton (D:5)
  A rat zombie (Ossuary)
  3 ballistomycetes
  4 plants (Lair:8)
1026 creatures vanquished.

Vanquished Creatures (collateral kills)
  Harold (D:10)
  A giant firefly (Lair:8)
  An elephant slug (Lair:8)
  A hippogriff (Lair:8)
  A brain worm (Lair:8)
  3 worms (Lair:8)
8 creatures vanquished.

Vanquished Creatures (others)
  3 death yaks (Lair:6)
  2 fire elementals (Lair:8)
  A crocodile (D:13)
  A crimson imp (D:10)
  A giant frog skeleton (D:9)
  A worker ant (D:10)
  An adder (Lair:6)
  An orc (Orc:3)
  A giant newt (D:13)
  2 giant spores
  A ballistomycete (D:13)
  6 fungi (Lair:8)
  10 plants
31 creatures vanquished.

Grand Total: 1065 creatures vanquished

Notes
Turn   | Place    | Note
--------------------------------------------------------------
     0 | D:1      | 4tharraofdagon, the Djinni Fighter, began the quest for the Orb.
     0 | D:1      | Reached XP level 1. HP: 16/16 MP: 0/0
    98 | D:1      | Reached XP level 2. EP: 22/22
   210 | D:2      | Reached XP level 3. EP: 3/29
   416 | D:3      | Noticed Sigmund
   433 | D:3      | Killed Sigmund
   433 | D:3      | Reached skill level 4 in Armour
   433 | D:3      | Reached skill level 1 in Evocations
   433 | D:3      | Reached XP level 4. EP: 24/35
   506 | D:2      | Reached XP level 5. EP: 42/42
   766 | D:4      | Found a sand-covered staircase.
   792 | Ossuary  | Entered an ossuary
   989 | Ossuary  | Reached XP level 6. EP: 39/51
  1320 | D:4      | Noticed an ogre
  1366 | D:5      | Entered Level 5 of the Dungeon
  1503 | D:6      | Reached skill level 5 in Long Blades
  1590 | D:6      | Reached XP level 7. EP: 56/58
  1665 | D:7      | Found Thremnes' Antique Weapon Shoppe.
  1710 | D:7      | Reached skill level 5 in Armour
  2014 | D:7      | Reached skill level 6 in Long Blades
  2186 | D:6      | Reached XP level 8. EP: 54/67
  2612 | D:4      | Found a staircase to the Ecumenical Temple.
  2617 | Temple   | Entered the Ecumenical Temple
  2639 | Temple   | Became a worshipper of the Shining One
  2669 | D:4      | Upgraded the game from 0.14-a0-1837-g7fb8695 to 0.14-a0-1844-g8283a67
  2927 | D:5      | Was placed under penance by the Shining One
  3023 | D:8      | Reached skill level 5 in Fighting
  3113 | D:8      | Found Nilaoz's Antique Weapon Shoppe.
  3134 | D:8      | Bought a scimitar for 162 gold pieces
  3172 | D:8      | Noticed Maurice
  3185 | D:8      | Noticed Prince Ribbit
  3217 | D:8      | Killed Maurice
  3217 | D:8      | Reached skill level 7 in Long Blades
  3217 | D:8      | Reached skill level 5 in Evocations
  3652 | D:9      | Reached XP level 9. EP: 78/78
  3716 | D:9      | Was forgiven by the Shining One
  3737 | D:9      | Reached skill level 8 in Long Blades
  4024 | D:9      | Noticed Joseph
  4048 | D:9      | Killed Joseph
  4048 | D:9      | Reached skill level 9 in Long Blades
  4206 | D:10     | Entered Level 10 of the Dungeon
  4448 | D:10     | Reached XP level 10. EP: 48/88
  4705 | D:10     | Noticed Harold
  4713 | D:10     | Killed Harold
  4753 | D:10     | Reached skill level 1 in Dodging
  4840 | D:9      | Noticed a troll
  4921 | D:9      | Acquired the Shining One's first power
  5400 | D:11     | Reached skill level 10 in Long Blades
  5435 | D:11     | Noticed a hill giant
  5447 | D:11     | Killed a hill giant
  5498 | D:11     | Found Peiteq Merem's Jewellery Shoppe.
  5707 | D:12     | Acquired the Shining One's second power
  5758 | D:12     | Found Cit Shri's Antique Weapon Boutique.
  5861 | D:12     | Reached XP level 11. EP: 69/93
  5891 | D:12     | Noticed a hill giant
  5998 | D:9      | Killed a troll
  6007 | D:9      | 5th troll
  6014 | D:9      | :(
  6032 | D:9      | Learned a level 1 spell: Apportation
  6258 | D:11     | Bought the ring of the Ancients {AC+3 Dex-2 Dam+6} for 354 gold pieces
  6337 | D:9      | Found a staircase to the Lair.
  6351 | D:9      | Reached skill level 1 in Invocations
  6425 | D:9      | Reached skill level 11 in Long Blades
  6425 | D:9      | Reached skill level 1 in Spellcasting
  6426 | D:9      | 7th troll
  6446 | Lair:1   | Entered Level 1 of the Lair of Beasts
  7912 | Lair:6   | Noticed a death yak
  7914 | Lair:6   | Noticed a death yak
  7926 | Lair:6   | Reached XP level 12. EP: 98/105
  7932 | Lair:6   | Killed a death yak
  7933 | Lair:6   | Noticed a death yak
  7939 | Lair:6   | Noticed a death yak
  7941 | Lair:6   | Killed a death yak
  7945 | Lair:6   | Killed a death yak
  7945 | Lair:6   | Reached skill level 12 in Long Blades
  7950 | Lair:6   | Killed a death yak
  8187 | Lair:5   | Found a staircase to the Shoals.
  8191 | Lair:5   | Reached skill level 10 in Armour
  8250 | Lair:5   | Reached skill level 10 in Evocations
  8423 | Lair:6   | Reached skill level 5 in Dodging
  8438 | Lair:6   | Noticed a death yak
  8439 | Lair:6   | Noticed a death yak
  8439 | Lair:6   | Noticed a death yak
  8440 | Lair:6   | Noticed a death yak
  8540 | Lair:7   | Learned a level 2 spell: Blink
  8931 | Lair:7   | Reached XP level 13. EP: 36/113
  9237 | Lair:7   | Reached skill level 5 in Spellcasting
  9441 | Lair:8   | Entered Level 8 of the Lair of Beasts
  9515 | Lair:8   | Reached skill level 13 in Long Blades
  9549 | Lair:8   | Reached skill level 1 in Translocations
  9702 | Lair:8   | Found a labyrinth entrance.
  9711 | Lab      | Entered a labyrinth
 10020 | Lab      | Identified Yzoh's Almanac of the Unholy Frostbite (You found it in a labyrinth)
 10028 | Lab      | Identified a +3 rod of inaccuracy (12/12) (You found it in a labyrinth)
 10029 | Lab      | Identified a +5 rod of demonology (5/11) (You took it off a minotaur in a labyrinth)
 10148 | Lair:8   | Reached skill level 5 in Shields
 10286 | Lair:8   | Reached skill level 5 in Invocations
 10388 | Lair:8   | Acquired the Shining One's third power
 11067 | Lair:8   | Reached XP level 14. EP: 84/122
 11240 | Lair:6   | Found a staircase to the Slime Pits.
 11430 | Lair:6   | Killed a death yak
 11436 | Lair:6   | Noticed a death yak
 11436 | Lair:6   | Noticed a death yak
 11474 | Lair:6   | Killed a death yak
 11477 | Lair:6   | Killed a death yak
 11479 | Lair:6   | Killed a death yak
 11480 | Lair:6   | Killed a death yak
 11484 | Lair:6   | Killed a death yak
 11603 | Lair:5   | Found a hole to the Spider Nest.
 12678 | Lair:4   | Reached skill level 14 in Long Blades
 13497 | D:13     | Reached skill level 10 in Fighting
 13593 | D:14     | Noticed Nessos
 13689 | D:14     | Noticed Louise
 14092 | D:11     | Bought an uncursed ring of wizardry for 330 gold pieces
 14092 | D:11     | Bought an uncursed ring of protection from cold for 275 gold pieces
 14120 | D:11     | Found a roughly hewn altar of Beogh.
 14167 | D:11     | Found a staircase to the Orcish Mines.
 14226 | Orc:1    | Entered Level 1 of the Orcish Mines
 14657 | Orc:3    | Found a bloodstained altar of Trog.
 14667 | Orc:3    | Noticed Nergalle
 14686 | Orc:3    | Killed Nergalle
 15199 | Orc:4    | Entered Level 4 of the Orcish Mines
 15234 | Orc:4    | Noticed Grum
 15234 | Orc:4    | Acquired the Shining One's fourth power
 15254 | Orc:4    | Killed Grum
 15500 | Orc:4    | Found a roughly hewn altar of Beogh.
 15514 | Orc:4    | Found a staircase to the Elven Halls.
 15529 | Orc:4    | Found a roughly hewn altar of Beogh.
 15576 | Orc:4    | Found a roughly hewn altar of Beogh.
 15576 | Orc:4    | Found Striut's Magic Scroll Emporium.
 15617 | Orc:4    | Bought a scroll of identify for 30 gold pieces
 15617 | Orc:4    | Bought a scroll of identify for 30 gold pieces
 15617 | Orc:4    | Bought a scroll of enchant armour for 82 gold pieces
 15617 | Orc:4    | Bought a scroll of teleportation for 45 gold pieces
 15654 | Orc:4    | Found a roughly hewn altar of Beogh.
 15715 | Orc:4    | Found a roughly hewn altar of Beogh.
 15749 | Orc:4    | Found a roughly hewn altar of Beogh.
 15804 | Orc:4    | Found a roughly hewn altar of Beogh.
 15984 | Orc:4    | Found a roughly hewn altar of Beogh.
 15988 | Orc:4    | Found Thud's General Store.
 15993 | Orc:4    | Bought a scroll of blinking for 60 gold pieces
 16179 | Orc:4    | Noticed Saint Roka
 16358 | Orc:4    | Found Astrunes' Antique Armour Emporium.
 16358 | Orc:4    | Found a roughly hewn altar of Beogh.
 16362 | Orc:4    | Found Clungupt's Antique Weapon Shoppe.
 16368 | Orc:4    | Bought a smoking falchion for 248 gold pieces
 16371 | Orc:4    | Identified the +6,+3 falchion of Fee Simple {pain, +Blink +Rage rF+ rC- MR++ Str+2 Int-4} (You bought it in a shop on level 4 of the Orcish Mines)
 16458 | Orc:4    | Bought an uncursed ring of protection from magic for 275 gold pieces
 16530 | Orc:4    | HP: 6/123 [orc priest/divine providence (14)]
 16799 | Elf:1    | Entered Level 1 of the Elven Halls
 16858 | Elf:3    | Entered Level 3 of the Elven Halls
 17067 | Elf:3    | :D
 17111 | Elf:3    | Reached XP level 15. EP: 124/129
 17152 | Elf:3    | Noticed a deep elf sorcerer
 17160 | Elf:3    | Killed a deep elf sorcerer
 17166 | Elf:3    | Reached skill level 5 in Translocations
 17178 | Elf:3    | Noticed a deep elf blademaster
 17178 | Elf:3    | Quit the game

Action                   |  1- 3 |  4- 6 |  7- 9 | 10-12 | 13-15 || total
-------------------------+-------+-------+-------+-------+-------++-------
Melee: Falchion          |   105 |   311 |   203 |     4 |     1 ||   624
       Scimitar          |       |       |    36 |       |       ||    36
       Long sword        |       |       |   179 |   213 |  2336 ||  2728
       Great sword       |       |       |       |   607 |    61 ||   668
Throw: Javelin           |       |       |     2 |       |       ||     2
       Dart              |       |       |       |     1 |       ||     1
Invok: Divine Shield     |       |       |       |     8 |    28 ||    36
       Summon Divine War |       |       |       |       |     2 ||     2
Evoke: Wand              |     5 |     2 |    13 |    31 |    46 ||    97
       lamp of fire      |       |       |       |     1 |     1 ||     2
  Use: Potion            |     3 |     1 |     7 |     4 |     9 ||    24
       Scroll            |       |     2 |    15 |    13 |    28 ||    58
 Stab: Paralysed         |    10 |     3 |     9 |       |       ||    22
       Distracted        |       |       |       |       |     1 ||     1
